 Dungeon Crawl Stone Soup version 0.27.1-2-g3b301248ec (webtiles) character file.

Game seed: 17388477788925141802

3745 Mesmaeker13 the Summoner (level 10, -8/73 HPs)
             Began as a Barachi Summoner on Sept 28, 2021.
             Killed from afar by Erolcha (18 damage)
             ... with a fireball
             ... on level 9 of the Dungeon.
             The game lasted 00:29:49 (10639 turns).

Mesmaeker13 the Summoner (Barachi Summoner)        Turns: 10639, Time: 00:29:50

Health: -8/73      AC: 13    Str: 16    XL:     10   Next: 15%
Magic:  22/27      EV: 15    Int: 24    God:
Gold:   507        SH:  0    Dex: 16    Spells: 6/18 levels left

rFire    . . .     SeeInvis +   A - +0 trident
rCold    . . .     Faith    .   (no shield)
rNeg     . . .     Spirit   .   b - +0 steam dragon scales
rPois    .         Reflect  .   a - +3 hat of Pondering {ponderous, Will+ MP+10 Int+5}
rElec    .         Harm     .   r - +0 cloak
rCorr    .         Rampage  .   f - +0 pair of gloves
Will     +....                  h - +1 pair of boots of Weirdness {Dex+4 Slay+2 SInv}
Stlth    ++........             (no amulet)
HPRegen  0.22/turn              p - +6 ring of strength
MPRegen  0.20/turn              n - ring of wizardry

@: about to teleport, unable to hop, very slow
A: amphibious, slowness 1, strong legs 1, +LOS
a: Hop


You were on level 9 of the Dungeon.
You visited 2 branches of the dungeon, and saw 10 of its levels.
You also visited: Sewer.

You collected 507 gold pieces.

Inventory:

Hand Weapons
 A - a +0 trident (weapon)
 D - a +4 scimitar of flaming
Missiles
 i - 31 poisoned darts
 C - a throwing net (quivered)
Armour
 a - the +3 hat of Pondering (worn) {ponderous, Will+ MP+10 Int+5}
   (You found it on level 5 of the Dungeon)

   Int:       It affects your intelligence (+5).
   MP:        It affects your magic capacity (+10).
   Will:      It increases your willpower.
 b - +0 steam dragon scales (worn)
 c - a scarf of invisibility
 f - a +0 pair of gloves (worn)
 h - the +1 pair of boots of Weirdness (worn) {Dex+4 Slay+2 SInv}
   (You acquired it on level 3 of the Dungeon)

   Dex:       It affects your dexterity (+4).
   Slay:      It affects your accuracy & damage with ranged weapons and melee
   (+2).
   SInv:      It lets you see invisible.
 r - a +0 cloak (worn)
 t - a +0 tower shield of reflection
Jewellery
 d - a +6 ring of dexterity
 n - a ring of wizardry (right hand)
 p - a +6 ring of strength (left hand)
Scrolls
 q - 3 scrolls of teleportation
 v - a scroll of summoning {unknown}
 w - a scroll of silence
 x - a scroll of noise {unknown}
 y - a scroll of holy word {unknown}
 z - a scroll of vulnerability {unknown}
Potions
 g - 2 potions of flight
 j - 3 potions of haste
 k - a potion of degeneration {unknown}
 l - 3 potions of brilliance
 m - a potion of heal wounds
 o - 3 potions of attraction
 s - 4 potions of mutation
 u - 2 potions of cancellation {unknown}
 B - a potion of berserk rage {unknown}


   Skills:
 - Level 4.6 Fighting
 + Level 3.2 Polearms
 - Level 4.6 Armour
 + Level 6.6 Dodging
 - Level 1.7 Stealth
 - Level 4.7 Spellcasting
 + Level 9.8 Summonings
 + Level 4.4 Ice Magic
 + Level 6.8 Air Magic


You had 6 spell levels left.
You knew the following spells:

 Your Spells              Type           Power      Damage    Failure   Level
b - Call Imp              Summ           52%        N/A       1%          2
c - Call Canine Familiar  Summ           52%        N/A       1%          3
d - Summon Lightning Spi  Summ/Air       45%        N/A       1%          4
e - Frozen Ramparts       Ice            54%        1d7       1%          3

Your spell library contained the following spells:

 Spells                   Type           Power      Damage    Failure   Level
 Freeze                   Ice            100%       1d11      1%          1
 Summon Small Mammal      Summ           100%       N/A       1%          1
 Summon Guardian Golem    Hex/Summ       29%        N/A       1%          3
 Animate Skeleton         Necr           10%        N/A       3%          1
 Apportation              Tloc           10%        N/A       3%          1
 Beastly Appendage        Tmut           10%        N/A       3%          1
 Corona                   Hex            5%         N/A       3%          1
 Sublimation of Blood     Necr           2%         N/A       6%          2
 Wereblood                Tmut           5%         N/A       6%          2
 Portal Projectile        Hex/Tloc       10%        N/A       11%         3
 Spider Form              Tmut/Pois      2%         N/A       11%         3
 Hailstorm                Conj/Ice       16%        3d6       16%         4
 Leda's Liquefaction      Hex/Erth       2%         N/A       32%         4
 Summon Hydra             Summ           26%        N/A       45%         7


Dungeon Overview and Level Annotations

Branches:
Dungeon (9/15)             Temple (1/1) D:5           Sewer (visited)
   Lair: D:8-11         Orc: D:9-12

Altars:
Dithmenos
Elyvilon
Fedhas
Gozag
Hepliaklqana
Kikubaaqudgha
Makhleb
Okawaru
Qazlal
Ru
Sif Muna
Trog
Uskayaw
Vehumet
Wu Jian
Xom
Zin
The Shining One

Annotations:
D:6 1 exclusion
D:9 4 exclusions, Erolcha


Innate Abilities, Weirdness & Mutations

You are amphibious.
You cover ground slowly.
You can hop short distances.
You have an extended range of vision and can be seen from far away.


Message History

Your wolf disappears in a puff of smoke!
Erolcha the Cunning comes into view.
She is wielding a +6 giant spiked club.
Erolcha shouts!
Erolcha casts a spell.
Erolcha flickers and vanishes for a moment.
Press: ? - help, v - describe, . - travel
Here: Erolcha, wielding a +6 giant spiked club and wearing a +0 robe (slightly transparent)
The floor.
Unknown command.
Casting: Call Canine Familiar (safe; 1% risk of failure)
Confirm with . or Enter, or press ? or * to list all spells.
You swap places.
Found a plate armour.
Erolcha points at you and mumbles some strange words.
The fireball explodes!
The fireball engulfs your wolf!!
Your wolf dies!
Your wolf's corpse disappears in a puff of smoke!
The fireball engulfs you!!
Unknown command.
Casting: Call Canine Familiar (safe; 1% risk of failure)
Confirm with . or Enter, or press ? or * to list all spells.
An electric hum fills the air.
You completely miss Erolcha.
Erolcha hits you with a +6 giant spiked club!!
Unknown command.
You puncture Erolcha!
Erolcha is lightly wounded.
Erolcha hits you with a +6 giant spiked club!
* * * LOW HITPOINT WARNING * * *
Unknown command.
As you read the scroll of teleportation, it crumbles to dust.
You feel strangely unstable. Erolcha gestures at you while chanting.
You resist with almost no effort.
Unknown command.
Hop to where?
Press: ? - help, Dir - move target Boing!
Erolcha points at you and mumbles some strange words.
The fireball explodes!
The fireball engulfs you!!
You die...

#..###...# .... #..###
#.#.#.##.##########.#..)).
#.##.###..............#..) #.
#.# ####..#..###..##### #.
#.# #..#..# #..# # #.
#.######..#..# #..# # ..
#O##..>......###..##### #O
#8☼..###..........#....
.......##...@...........#.###
#.####..........#...#####....
#.##.########.........## #.
#.# ##.######## #[ #.# #...#
.. #.# #.#.# #. #.#
####.#.#### #.# #....#....##
#.# #.#######..#


You could see Erolcha (invisible) and a friendly lightning spire (summoned).

Vanquished Creatures
  A hornet (D:8)
  An ice beast (D:6)
  A centaur (D:9)
  2 bullfrogs
  A scorpion (D:4)
  2 howler monkeys
  A centaur zombie (D:9)
  A hound (D:6)
  An orc priest (D:6)
  A howler monkey skeleton (D:7)
  7 adders
  A shadow imp (D:6)
  A dart slug (D:4)
  2 orcs
  2 endoplasms (Sewer)
  11 giant cockroaches
  5 goblins
  4 hobgoblins
  8 quokkas
  4 ball pythons
  3 bats
  3 frilled lizards (Sewer)
  3 kobolds
  2 rats
68 creatures vanquished.

Vanquished Creatures (collateral kills)
  Erica (D:9)
  2 two-headed ogres (D:9)
  Maurice (D:7)
  4 yaks (D:9)
  3 steam dragons
  An ice beast (D:7)
  4 orc warriors
  4 necrophages
  An ogre (D:6)
  2 centaurs (D:8)
  2 kobold brigands
  3 bullfrogs
  A gnoll sergeant (D:6)
  2 scorpions (D:5)
  A water moccasin skeleton (D:5)
  3 howler monkeys
  2 centaur zombies
  3 hounds
  2 orc priests
  A bullfrog skeleton (D:5)
  A centaur skeleton (D:6)
  3 orc wizards
  A killer bee zombie (D:7)
  4 gnolls (D:6)
  7 adders
  3 white imps
  A worm (D:3)
  17 orcs
  6 ball pythons
  9 endoplasms
  13 giant cockroaches
  2 hobgoblins
  13 kobolds
  10 quokkas
  2 bats (D:1)
  11 frilled lizards
  A rat (D:1)
  3 butterflies (D:5)
150 creatures vanquished.

Vanquished Creatures (others)
  A shadow (D:9)
  A bullfrog zombie (D:5)
  A butterfly (D:5)
  A plant (D:5)
4 creatures vanquished.

Grand Total: 222 creatures vanquished

Notes
Turn   | Place    | Note
-------+----------+-------------------------------------------
     0 | D:1      | Mesmaeker13 the Barachi Summoner began the quest for the
                  | Orb.
     0 | D:1      | Reached XP level 1. HP: 13/13 MP: 3/3
   615 | D:1      | Reached skill level 5 in Summonings
   661 | D:1      | Reached XP level 2. HP: 19/19 MP: 0/5
  1760 | D:2      | Learned a level 2 spell: Call Imp
  1986 | D:2      | Reached XP level 3. HP: 24/24 MP: 7/7
  2207 | D:3      | Identified a scroll of acquirement
  2209 | D:3      | Acquired the +1 pair of boots of Weirdness {Dex+4 Slay+2
                  | SInv}
  2326 | D:3      | Found a faded altar of an unknown god.
  3135 | D:4      | Learned a level 3 spell: Call Canine Familiar
  3154 | D:4      | Found a shimmering altar of Xom.
  3229 | D:4      | Reached XP level 4. HP: 29/30 MP: 3/8
  3375 | D:4      | Noticed a scorpion
  3381 | D:4      | Reached XP level 5. HP: 35/35 MP: 3/10
  3386 | D:4      | Reached skill level 6 in Summonings
  3480 | D:4      | Found a glowing drain.
  3484 | Sewer    | Entered a sewer
  3581 | Sewer    | Learned a level 4 spell: Summon Lightning Spire
  3826 | Sewer    | Reached XP level 6. HP: 30/41 MP: 9/11
  3991 | Sewer    | Reached skill level 1 in Air Magic
  4594 | D:5      | Entered Level 5 of the Dungeon
  4979 | D:5      | Noticed a necrophage
  4988 | D:5      | Killed a necrophage
  4989 | D:5      | Reached XP level 7. HP: 46/46 MP: 8/13
  5228 | D:5      | Found the +3 hat of Pondering {ponderous, Will+ MP+10
                  | Int+5}
  5517 | D:5      | Found a staircase to the Ecumenical Temple.
  5527 | Temple   | Entered the Ecumenical Temple
  5732 | D:5      | Reached skill level 7 in Summonings
  5912 | D:5      | Reached skill level 5 in Dodging
  5947 | D:6      | Reached skill level 1 in Armour
  6074 | D:6      | Reached skill level 1 in Fighting
  6201 | D:6      | Noticed a steam dragon
  6226 | D:6      | Reached XP level 8. HP: 55/56 MP: 15/15
  7612 | D:7      | Reached skill level 8 in Summonings
  8167 | D:8      | Noticed Maurice
  8190 | D:8      | Noticed a hornet
  8205 | D:8      | Paralysed by a hornet for 2 turns
  8210 | D:8      | Killed a hornet
  8587 | D:7      | Killed Maurice
  8588 | D:7      | Reached skill level 5 in Air Magic
  8588 | D:7      | Reached XP level 9. HP: 30/66 MP: 16/16
  8865 | D:8      | Learned a level 3 spell: Frozen Ramparts
  8986 | D:8      | Reached skill level 1 in Ice Magic
  9674 | D:8      | Found a white marble altar of Elyvilon.
  9951 | D:9      | Noticed a two-headed ogre
  9986 | D:9      | Killed a two-headed ogre
  9987 | D:9      | Reached skill level 1 in Polearms
  9987 | D:9      | Reached skill level 9 in Summonings
 10270 | D:9      | Noticed a two-headed ogre
 10272 | D:9      | Noticed Erica
 10284 | D:9      | Killed a two-headed ogre
 10285 | D:9      | Reached XP level 10. HP: 30/73 MP: 17/17
 10304 | D:9      | Killed Erica
 10624 | D:9      | Noticed Erolcha
 10639 | D:9      | Killed from afar by Erolcha

Illustrated notes

Levels and vault maps discovered:
D:1:      elethiomel_arrival_infinity_welcomes_careful_drivers, layout_basic,
          minmay_misc_feat_iff
D:2:      layout_rooms
D:3:      minmay_roachtagon, layout_basic, ebering_ecumenical_altar_rust
D:4:      cheibrodos_quashed, layout_rooms, kennysheep_mini_moat,
          gup_sewer_entry_bowl
D:5:      layout_basic, minmay_temple_entry_large_hall, hangedman_glass_garden,
          minmay_misc_feat_square, lemuel_flame_loot_1
D:6:      layout_rooms
D:7:      layout_basic
D:8:      layout_loops_ring, nicolae_overflow_hidden_temple,
          minmay_misc_feat_five, hangedman_decor_push, uniq_maurice
D:9:      layout_loops_ring, old_standard_altar,
          gammafunk_temple_overflow_statue, serial_shops,
          nicolae_inconvenience_store, uniq_erolcha, uniq_erica
Temple:   lightli_temple_of_artemis

Skill      XL: |  1  2  3  4  5  6  7  8  9 10 |
---------------+-------------------------------+-----
Summonings     | 5 6 7 8 9 |  9.8
Dodging        | 3 4 5 6 |  6.6
Spellcasting   | 3 4 |  4.7
Air Magic      | 2 3 5 6 |  6.8
Armour         | 1 4 |  4.6
Fighting       | 1 4 |  4.6
Ice Magic      | 3 4 |  4.4
Polearms       | 2 3 |  3.2
Stealth        | |  1.7

Action                   |  1- 3 |  4- 6 |  7- 9 | 10-12 || total
-------------------------+-------+-------+-------+-------++-------
Melee: Mace              |    15 |       |       |       ||    15
       Spear             |    93 |   121 |   157 |     2 ||   373
       Trident           |       |       |       |    10 ||    10
Throw: Throwing net      |       |       |     2 |       ||     2
 Cast: Summon Small Mamm |    22 |       |       |       ||    22
       Call Imp          |    18 |    41 |    11 |       ||    70
       Call Canine Famil |     1 |     6 |    33 |     4 ||    44
       Summon Lightning  |       |     1 |    22 |     2 ||    25
 Abil: Hop               |       |     1 |     2 |     1 ||     4
  Use: Scroll            |     4 |     1 |     5 |     1 ||    11
       Potion            |       |       |     5 |       ||     5
 Stab: Sleeping          |     5 |     2 |       |       ||     7
       Distracted        |     2 |       |     3 |     1 ||     6
Armor: Robe              |    29 |    17 |     4 |       ||    50
       Leather armour    |       |       |    17 |       ||    17
       Steam dragon scal |       |       |    40 |     3 ||    43
Dodge: Dodged            |    77 |    37 |   110 |     4 ||   228
